 Dungeon Crawl Stone Soup version 0.25.1-2-g60ff931df9 (webtiles) character file.

Game seed: 11038075471379481587

70058 DearestLeader the Earth Mage (level 15, -7/72 HPs)
             Began as a Gargoyle Earth Elementalist on Sept 20, 2020.
             Was a High Priest of Vehumet.
             Killed by divine providence
             ... invoked by a meliai
              (12 damage)
             ... on level 14 of the Dungeon on Sept 21, 2020.
             The game lasted 01:47:00 (32690 turns).

DearestLeader the Earth Mage (GrEE)                Turns: 32690, Time: 01:47:01

Health: -7/72      AC: 23    Str: 13    XL:     15   Next: 32%
Magic:  27/29      EV: 19    Int: 21    God:    Vehumet [*****.]
Gold:   2186       SH:  5    Dex: 15    Spells: 1/34 levels left

rFire    + + .     SeeInvis .   G - +12 rapier "Buecvik" {pain, +Rage Str+3 Dex+5}
rCold    + + .     Gourm    .   k - +0 buckler
rNeg     + + +     Faith    .   y - +2 robe {rC+ rF+}
rPois    ∞         Spirit   .   m - +4 helmet "Cellats Buoc" {rF+ rN+ Str-3}
rElec    +         Reflect  .   a - +1 cloak
rCorr    .         Harm     .   n - +0 pair of gloves
MR       +....                  (no boots)
Stlth    ++........             (no amulet)
HPRegen  0.22/turn              g - ring of protection from cold
MPRegen  0.21/turn              v - ring of positive energy

@: flying, very slightly contaminated
A: big wings, negative energy resistance 1, electricity resistance, unbreathing,
petrification resistance, rot immunity, AC +11
a: Stop Flying, Renounce Religion, Evoke Berserk Rage


You were on level 14 of the Dungeon.
You worshipped Vehumet.
Vehumet was extremely pleased with you.
You were not hungry.

You visited 4 branches of the dungeon, and saw 23 of its levels.
You also visited: Gauntlet and Volcano.

You collected 2377 gold pieces.
You spent 191 gold pieces at shops.

Inventory:

Hand Weapons
 G - the +12 rapier "Buecvik" (weapon) {pain, +Rage Str+3 Dex+5}
   (You found it on level 12 of the Dungeon)

   In the hands of one skilled in necromantic magic, it inflicts extra damage on
   living creatures.
   It affects your strength (+3).
   It affects your dexterity (+5).
   It lets you go berserk.
Missiles
 b - 118 stones (quivered)
Armour
 a - a +1 cloak (worn)
 k - a +0 buckler (worn)
 m - the +4 helmet "Cellats Buoc" (worn) {rF+ rN+ Str-3}
   (You took it off Robin on level 2 of the Dungeon)

   It affects your strength (-3).
   It protects you from fire.
   It protects you from negative energy.
 n - a +0 pair of gloves (worn)
 y - a +2 robe of resistance (worn)
Magical Staves
 p - an uncursed staff of conjuration {unknown}
Jewellery
 g - a ring of protection from cold (left hand)
 v - a ring of positive energy (right hand)
 x - an uncursed ring of see invisible
 C - an uncursed ring of ice
 L - an uncursed ring of ice
 Q - an uncursed amulet of guardian spirit {unknown}
 W - an uncursed ring of fire
Wands
 c - a wand of flame (37)
 D - a wand of acid (4)
 E - a wand of random effects (30)
 T - a wand of enslavement (10)
 U - a wand of paralysis (6)
 Z - a wand of iceblast (7)
Scrolls
 f - 2 scrolls of fear
 h - 9 scrolls of remove curse
 i - 5 scrolls of fog
 j - a scroll of blinking
 q - 2 scrolls of magic mapping
 r - 12 scrolls of teleportation
 s - 5 scrolls of enchant armour
 t - a scroll of immolation
 u - 3 scrolls of amnesia
 H - 4 scrolls of enchant weapon
 J - a scroll of vulnerability
 O - 2 scrolls of brand weapon {unknown}
 P - a scroll of acquirement {unknown}
 S - a scroll of summoning {unknown}
 V - 2 scrolls of noise {unknown}
 X - 2 scrolls of identify
Potions
 e - a potion of magic
 l - 4 potions of resistance
 o - 5 potions of stabbing
 z - 2 potions of ambrosia
 A - a potion of heal wounds
 B - 6 potions of curing
 F - a potion of brilliance
 I - 2 potions of mutation {unknown}
 K - 2 potions of cancellation
 R - 3 potions of berserk rage {unknown}
 Y - 2 potions of might {unknown}
Miscellaneous
 M - a tin of tremorstones (3/3)
 N - 2 boxes of beasts
Comestibles
 d - 35 rations
 w - 3 chunks of flesh


   Skills:
 + Level 9.6 Dodging
 - Level 2.1 Stealth
 - Level 4.2 Shields
 + Level 10.2 Spellcasting
 * Level 13.2 Conjurations
 - Level 0.7 Transmutations
 + Level 4.8 Ice Magic
 * Level 19.0 Earth Magic


You had one spell level left.
You knew the following spells:

 Your Spells              Type           Power        Failure   Level  Hunger
a - Sandblast             Erth           ######       0%          1    None
b - Stone Arrow           Conj/Erth      ######       1%          3    None
c - Lee's Rapid Deconstr  Erth           ######....   1%          5    ####...
d - Passwall              Tmut/Erth      ######..     1%          2    None
e - Petrify               Tmut/Erth      ######..     1%          4    ##.....
f - Fulminant Prism       Conj/Hex       #####.....   1%          4    ##.....
g - Frozen Ramparts       Ice            ####..       1%          3    None
h - Bolt of Magma         Conj/Fire/Erth ######....   1%          5    ####...
i - Freezing Cloud        Conj/Ice/Air   #####.....   21%         6    ######.

Your spell library contained the following spells:

 Spells                   Type           Power        Failure   Level  Hunger
 Fireball                 Conj/Fire      #####.....   3%          5    ####...
 Summon Small Mammal      Summ           ##..         6%          1    None
 Call Imp                 Summ           ##......     10%         2    None
 Call Canine Familiar     Summ           ##......     19%         3    None
 Confusing Touch          Hex            ##......     19%         3    None
 Gell's Gravitas          Tloc           ##........   19%         3    None
 Summon Guardian Golem    Hex/Summ       ##......     19%         3    None
 Summon Ice Beast         Ice/Summ       ###.....     22%         4    ##.....
 Yara's Violent Unravell  Hex/Tmut       ##........   36%         5    ####...
 Summon Lightning Spire   Summ/Air       ##......     54%         4    ##.....
 Metabolic Englaciation   Hex/Ice        ###.......   54%         5    ####...


Dungeon Overview and Level Annotations

Branches:
Dungeon (14/15)            Temple (1/1) D:7            Lair (6/6) D:11
 Shoals (0/4) Lair:4        Snake (0/4) Lair:2        Slime (0/5) Lair:6
    Orc (2/2) D:11            Elf (0/3) Orc:2       Volcano (visited)
Gauntlet (visited)
 Vaults: D:13-14

Altars:
Ashenzari
Cheibriados
Dithmenos
Fedhas
Gozag
Makhleb
Nemelex Xobeh
Okawaru
Qazlal
Trog
Uskayaw
Vehumet
Xom
Zin
Beogh

Shops:
D:4 *   D:5 *(*?   Orc:2 }(*!*

Annotations:
D:7 1 runed translucent door, Acheron's ghost, amateur GrNe
D:12 2 transporters, exclusion: obsidian statue
Lair:1 exclusion: oklob plant


Innate Abilities, Weirdness & Mutations

You are resistant to torment.
Your stone body is resilient. (AC +11)
You are immune to poison.
Your large and strong wings let you fly indefinitely.
You resist negative energy. (rN+)
You are resistant to electric shocks. (rElec)
You can survive without breathing.
You are immune to petrification.
You are immune to rotting.


Message History

The meliai mumbles some strange prayers to its god against you.
Something smites you!
* * * LOW HITPOINT WARNING * * *
The meliai hits you but does no damage. The meliai barely misses you.
Okay, then.
Okay, then.
Blink to where?
Press: ? - help, Dir - move target cursor, f - you, p - meliai
Okay, then.
You can't go up here!
Blink to where?
Press: ? - help, Dir - move target cursor, p - meliai You are very lightly contaminated with residual magic.
As you read the scroll of blinking, it crumbles to dust.
The meliai calls down the wrath of its god upon you.
Something smites you!
* * * LOW HITPOINT WARNING * * *
The meliai mumbles some strange prayers to its god against you.
Something smites you!
You die...

#.........#+
#.........#
#...#####.+
#...# .#
#...# .#
#...#####.#
#.........#
#.........#
#....#@...#
#....#....#
#....#....#
#....#....#
#.....y...#
#.........#
#.....yy..#
#.........#
#.........#


You could see 3 meliai.

Vanquished Creatures
  Nessos (Lair:5)
  A fire dragon (Volcano)
  Harold (Lair:1)
  7 hydras
  A catoblepas (Lair:6)
  Erica (Lair:1)
  6 two-headed ogres
  A death knight (D:12)
  9 orc high priests (Orc:2)
  A skeletal warrior (D:13)
  2 unseen horrors
  Pikel (D:8)
  3 orc sorcerers (Orc:2)
  3 orc knights
  2 ugly things
  2 oklob plants (D:11)
  A manticore (Lair:4)
  A cyclops (Orc:1)
  3 salamanders (Volcano)
  6 elephants
  2 centaur zombies
  2 black mambas
  A torpor snail (Lair:1)
  A gargoyle (D:12)
  Maggie (D:6)
  4 centaur skeletons
  5 spiny frogs
  3 komodo dragons
  2 freezing wraiths (D:12)
  A kobold demonologist (D:11)
  A rime drake (Lair:2)
  5 polar bears (Lair:6)
  4 trolls
  6 hornets (Lair:6)
  2 dream sheep (Lair:6)
  10 hippogriffs
  13 spriggans
  6 wyverns
  2 wraiths (D:12)
  46 yaks
  A basilisk (Lair:2)
  8 fire bats (Volcano)
  4 hogs (D:7)
  A human (D:7)
  2 hungry ghosts
  2 steam dragons
  3 vampire mosquitoes (D:13)
  9 wargs
  5 nagas (Lair:2)
  13 water moccasins
  6 porcupines
  5 ice beasts
  21 orc warriors
  A slave (D:8)
  4 sky beasts
  2 phantoms
  7 boggarts (Lair:6)
  3 black bears (Lair:6)
  13 centaurs
  19 wolves
  13 ogres
  13 crocodiles
  3 big kobolds
  10 bullfrogs
  7 scorpions
  11 killer bees
  4 electric eels
  10 wights
  7 crimson imps
  3 howler monkeys
  A gnoll shaman (D:4)
  24 orc wizards
  A bullfrog skeleton (D:4)
  40 orc priests
  3 bullfrog zombies
  6 hounds
  18 jellies
  5 iguanas
  7 worker ants
  A killer bee zombie (D:8)
  A human simulacrum (D:10)
  Robin (D:2)
  8 gnolls
  16 adders
  4 shadow imps
  11 oozes (Lair:1)
  An adder zombie (D:6)
  5 dart slugs
  7 leopard geckos
  105 orcs
  2 ball pythons
  3 giant cockroaches
  19 goblins
  7 hobgoblins
  8 jackals
  7 quokkas
  9 bats
  3 frilled lizards
  20 kobolds
  2 quokka skeletons
  5 rats
  3 fungi
  2 plants (D:11)
735 creatures vanquished.

Vanquished Creatures (others)
  2 steam dragons (Volcano)
  2 slaves (D:8)
  A worker ant (D:8)
  A human simulacrum (D:10)
  A gnoll (D:8)
  2 orcs
  62 fulminant prisms
  17 fungi
  43 plants
  15 withered plants
146 creatures vanquished.

Grand Total: 881 creatures vanquished

Notes
Turn   | Place    | Note
-------+----------+-------------------------------------------
     0 | D:1      | DearestLeader the Gargoyle Earth Elementalist began the
                  | quest for the Orb.
     0 | D:1      | Reached XP level 1. HP: 10/10 MP: 3/3
   212 | D:1      | Reached skill level 4 in Earth Magic
   241 | D:1      | Reached XP level 2. HP: 10/15 MP: 1/5
   937 | D:1      | Reached skill level 5 in Earth Magic
   937 | D:1      | Reached XP level 3. HP: 12/19 MP: 4/6
  1273 | D:2      | Found a snail-covered altar of Cheibriados.
  1273 | D:2      | Identified the +4 helmet "Cellats Buoc" {rF+ rN+ Str-3}
  1273 | D:2      | Noticed Robin
  1450 | D:2      | Learned a level 3 spell: Stone Arrow
  1535 | D:2      | Killed Robin
  1535 | D:2      | Reached XP level 4. HP: 15/24 MP: 1/7
  1740 | D:2      | Reached skill level 6 in Earth Magic
  3048 | D:3      | Found a shimmering altar of Xom.
  3056 | D:3      | Found a shadowy altar of Dithmenos.
  3238 | D:3      | Reached XP level 5. HP: 28/28 MP: 5/8
  3401 | D:3      | Reached skill level 7 in Earth Magic
  4334 | D:4      | Reached XP level 6. HP: 26/32 MP: 2/9
  4390 | D:3      | Reached skill level 1 in Conjurations
  4458 | D:3      | Learned a level 5 spell: Lee's Rapid Deconstruction
  4568 | D:4      | Reached skill level 8 in Earth Magic
  4710 | D:4      | Found Gozag's Platinum Reserve.
  4713 | D:4      | Found an opulent altar of Gozag.
  5016 | D:4      | Reached XP level 7. HP: 12/36 MP: 3/11
  5298 | D:5      | Entered Level 5 of the Dungeon
  5298 | D:5      | Found Jik Secs's Magic Scroll Boutique.
  5308 | D:5      | Learned a level 2 spell: Passwall
  5352 | D:5      | Bought a scroll of amnesia for 35 gold pieces
  5410 | D:5      | Found Nucaint's General Store.
  5415 | D:5      | Reached skill level 9 in Earth Magic
  5693 | D:5      | Found Wivvysch's Antique Weapon Shoppe.
  5706 | D:5      | Reached XP level 8. HP: 13/41 MP: 4/13
  5971 | D:5      | Found Exkon's Assorted Antiques.
  6126 | D:5      | Reached skill level 10 in Earth Magic
  6132 | D:5      | Learned a level 4 spell: Petrify
  6675 | D:6      | Found a transporter.
  6849 | D:6      | Noticed Maggie
  6865 | D:6      | Killed Maggie
  6978 | D:6      | Reached XP level 9. HP: 45/45 MP: 10/16
  6978 | D:6      | Reached skill level 11 in Earth Magic
  7114 | D:6      | Reached skill level 5 in Spellcasting
  7338 | D:6      | Found a transporter.
  8258 | D:7      | Found a staircase to the Ecumenical Temple.
  8311 | Temple   | Entered the Ecumenical Temple
  8331 | Temple   | Became a worshipper of Vehumet
  8376 | D:7      | Found a runed translucent door.
  8376 | D:7      | Noticed Acheron's ghost (amateur GrNe)
  8456 | D:7      | Reached skill level 12 in Earth Magic
  8594 | D:7      | Found a hide-covered altar of Uskayaw.
  8951 | D:7      | Found a blossoming altar of Fedhas.
  8985 | D:7      | Reached XP level 10. HP: 50/50 MP: 3/19
  9150 | D:7      | Reached skill level 5 in Dodging
  9437 | D:8      | Noticed a two-headed ogre
  9441 | D:8      | Killed a two-headed ogre
  9441 | D:8      | Reached skill level 13 in Earth Magic
  9471 | D:8      | Noticed Pikel
  9473 | D:8      | Killed Pikel
 10012 | D:8      | Reached * piety under Vehumet
 10012 | D:8      | Offered knowledge of Shock by Vehumet.
 10334 | D:8      | Found a burning altar of Makhleb.
 10349 | D:8      | Reached skill level 14 in Earth Magic
 10373 | D:8      | Reached skill level 5 in Conjurations
 11125 | D:9      | Reached ** piety under Vehumet
 11125 | D:9      | Offered knowledge of Magic Dart by Vehumet.
 11192 | D:9      | Reached XP level 11. HP: 48/54 MP: 16/20
 11295 | D:9      | Noticed an unseen horror
 11297 | D:9      | Killed an unseen horror
 12034 | D:10     | Entered Level 10 of the Dungeon
 12145 | D:10     | Reached skill level 1 in Shields
 12899 | D:10     | Found a bloodstained altar of Trog.
 12949 | D:10     | Noticed a two-headed ogre
 12952 | D:10     | Killed a two-headed ogre
 13008 | D:10     | Offered knowledge of Ignite Poison by Vehumet.
 13346 | D:11     | Reached skill level 15 in Earth Magic
 13378 | D:11     | Found a staircase to the Orcish Mines.
 13412 | D:11     | Reached *** piety under Vehumet
 13631 | D:11     | Noticed a four-headed hydra
 13743 | D:11     | Noticed an oklob plant
 13751 | D:11     | Killed a four-headed hydra
 13752 | D:11     | Noticed a brown ugly thing
 13937 | D:11     | Identified the +0 leather armour "Unusma" {rF+++ Int-3
                  | Slay+2}
 13945 | D:11     | Offered knowledge of Fulminant Prism by Vehumet.
 13972 | D:11     | Learned a level 4 spell: Fulminant Prism
 14082 | D:11     | Noticed an unseen horror
 14094 | D:11     | Killed an unseen horror
 14094 | D:11     | Reached XP level 12. HP: 52/59 MP: 12/23
 14951 | D:11     | Found a staircase to the Lair.
 15514 | Lair:1   | Entered Level 1 of the Lair of Beasts
 15600 | Lair:1   | Reached **** piety under Vehumet
 15774 | Lair:1   | Noticed Erica
 15781 | Lair:1   | Killed Erica
 15913 | Lair:1   | Offered knowledge of Frozen Ramparts by Vehumet.
 16003 | Lair:1   | Learned a level 3 spell: Frozen Ramparts
 16071 | Lair:1   | Noticed Harold
 16078 | Lair:1   | Killed Harold
 16078 | Lair:1   | Reached skill level 1 in Ice Magic
 16215 | Lair:1   | Found a dark tunnel.
 16224 | Volcano  | Entered a volcano
 16232 | Volcano  | Reached skill level 16 in Earth Magic
 16269 | Volcano  | Noticed a two-headed ogre
 16269 | Volcano  | Noticed a two-headed ogre
 16281 | Volcano  | Killed a two-headed ogre
 16285 | Volcano  | Killed a two-headed ogre
 16453 | Volcano  | HP: 2/59 [crocodile (13)]
 16501 | Volcano  | Noticed a fire dragon
 16822 | Volcano  | Killed a fire dragon
 17171 | Volcano  | Reached XP level 13. HP: 58/63 MP: 25/25
 18603 | Lair:2   | You fall into a shaft and drop 1 floor!
 19723 | Lair:2   | Reached ***** piety under Vehumet
 19829 | Lair:2   | Found a staircase to the Snake Pit.
 21034 | Lair:4   | Offered knowledge of Bolt of Magma by Vehumet.
 21175 | Lair:4   | Reached skill level 17 in Earth Magic
 21186 | Lair:4   | Reached skill level 10 in Conjurations
 21388 | Lair:4   | Found a staircase to the Shoals.
 22035 | Lair:4   | Learned a level 5 spell: Bolt of Magma
 22581 | Lair:5   | Noticed Nessos
 22634 | Lair:5   | Killed Nessos
 23388 | Lair:6   | Entered Level 6 of the Lair of Beasts
 23684 | Lair:6   | Found a staircase to the Slime Pits.
 23701 | Lair:5   | Gained mutation: Your large and strong wings let you fly
                  | indefinitely. [Gargoyle growth]
 23701 | Lair:5   | Reached XP level 14. HP: 61/68 MP: 4/27
 24908 | Lair:6   | Reached skill level 18 in Earth Magic
 25274 | Lair:6   | Offered knowledge of Hailstorm by Vehumet.
 26114 | Orc:1    | Entered Level 1 of the Orcish Mines
 27269 | Orc:2    | Entered Level 2 of the Orcish Mines
 27333 | Orc:2    | Offered knowledge of Freezing Cloud by Vehumet.
 27927 | Orc:2    | Found Reqinluy's Assorted Antiques.
 27935 | Orc:2    | Bought a scroll of identify for 48 gold pieces
 27935 | Orc:2    | Bought a scroll of identify for 48 gold pieces
 28112 | Orc:2    | Found a staircase to the Elven Halls.
 28499 | Orc:2    | Reached skill level 10 in Spellcasting
 28593 | Orc:2    | Learned a level 6 spell: Freezing Cloud
 28923 | Orc:2    | Reached XP level 15. HP: 61/72 MP: 11/29
 29085 | Orc:2    | Found Tama's Gadget Shop.
 29085 | Orc:2    | Found Woiqaz's Antique Weapon Shoppe.
 29108 | Orc:2    | Found a roughly hewn altar of Beogh.
 29125 | Orc:2    | Found Paruz's Assorted Antiques.
 29125 | Orc:2    | Found Zanom's Distillery.
 29140 | Orc:2    | Bought a potion of heal wounds for 60 gold pieces
 29220 | Orc:2    | Found a roughly hewn altar of Beogh.
 29512 | D:12     | Found a gate leading to a gauntlet.
 29521 | Gauntlet | Entered a Gauntlet
 29521 | Gauntlet | Found a transporter.
 29521 | Gauntlet | Found a transporter.
 29592 | Gauntlet | Found a transporter.
 29594 | Gauntlet | Found a transporter.
 29606 | Gauntlet | Found a transporter.
 29612 | Gauntlet | Found a transporter.
 29612 | Gauntlet | Found a transporter.
 29618 | Gauntlet | Found a transporter.
 29618 | Gauntlet | Found a large runed translucent door.
 29647 | Gauntlet | Found a transporter.
 29654 | Gauntlet | Found a transporter.
 29674 | Gauntlet | Found a transporter.
 29684 | Gauntlet | Found a transporter.
 29688 | Gauntlet | Found a large runed translucent door.
 29723 | Gauntlet | Found a transporter.
 29725 | Gauntlet | Found a large runed translucent door.
 29725 | Gauntlet | Found a large runed translucent door.
 29726 | Gauntlet | Found a large runed translucent door.
 29726 | Gauntlet | Found a large runed translucent door.
 29727 | Gauntlet | Found a large runed translucent door.
 29727 | Gauntlet | Found a runed translucent door.
 29727 | Gauntlet | Found a runed translucent door.
 29727 | Gauntlet | Found a large runed translucent door.
 29727 | Gauntlet | Found a large runed translucent door.
 29728 | Gauntlet | Found a large runed translucent door.
 29728 | Gauntlet | Found a large runed translucent door.
 29731 | Gauntlet | Found a large runed translucent door.
 29731 | Gauntlet | Found a large runed translucent door.
 29733 | Gauntlet | Found a large runed translucent door.
 29733 | Gauntlet | Found a large runed translucent door.
 29733 | Gauntlet | Found a large runed translucent door.
 29735 | Gauntlet | Found a runed translucent gate.
 29735 | Gauntlet | Found a runed translucent gate.
 29735 | Gauntlet | Found a runed translucent gate.
 29737 | Gauntlet | Found a transporter.
 29840 | Gauntlet | Found a transporter.
 29854 | Gauntlet | Found a transporter.
 30167 | D:12     | Found a transporter.
 30174 | D:12     | Noticed a storm dragon
 30208 | D:12     | Found a transporter.
 30398 | D:12     | Offered knowledge of Fireball by Vehumet.
 31217 | D:12     | Got a bloodstained rapier
 31234 | D:12     | Identified the +12 rapier "Buecvik" {pain, +Rage Str+3
                  | Dex+5} (You found it on level 12 of the Dungeon)
 31860 | D:12     | Reached skill level 19 in Earth Magic
 32690 | D:14     | Killed from afar by a meliai

Illustrated notes

Levels and vault maps discovered:
D:1:      ncdulo_watergridlock, layout_loops_ring
D:2:      layout_basic, overflow_temple_1_default, first_ration, chequers_jeans,
          uniq_robin
D:3:      layout_basic, lemuel_doored_altar, grunt_dithmenos_smoke_and_mirrors,
          serial_rivers, chequers_serial_rivers_small_b,
          chequers_serial_rivers_micro_d, chequers_serial_rivers_marsh,
          chequers_serial_rivers_micro_a, chequers_serial_rivers_micro_a,
          chequers_serial_rivers_micro_d, minivault_25
D:4:      layout_cave_pools, nicolae_gozag_zags_fifth_avenue
D:5:      layout_rooms, serial_shops, shop, shop, shop, nicolae_shop_stone,
          kennysheep_generic_room_9
D:6:      gammafunk_steamed_eel, layout_layer_cave, feat_on_display, uniq_maggie
D:7:      layout_loops_cross, kennysheep_mini, fedhas_altar_decomposition,
          temple_pool_b, gammafunk_ghost_grave, grunt_livestock
D:8:      layout_gridville, lemuel_crystal_altar, uniq_pikel
D:9:      layout_roguey
D:10:     layout_roguey, basic_altar, bh_circular_ruins
D:11:     layout_basic, dpeg_oklobed_lair, orc_0_dummy, minmay_orc_keep
D:12:     gammafunk_sealed_arena, layout_basic, gauntlet_entry_generic,
          serial_glass, glass_columns_a, glass_columns_c,
          minmay_misc_feat_columns, minmay_fractal_squares_gapless_5
D:13:     layout_small_grid
D:14:     layout_stronghold, skrybe_vaults_entry_preservation,
          chequers_serial_rivers_small_3, uniq_frances
Temple:   regret_index_temple_waves
Lair:1:   lemuel_slime, layout_regular_city, nicolae_volcano_entry_two_sided,
          chequers_serial_rivers_large_b, grunt_forest_large_clearing_hut,
          uniq_harold, uniq_erica
Lair:2:   layout_hall_layers, minmay_snake_entry_guardpost_medium,
          cheibrodos_lair_reptile_den
Lair:3:   layout_small_grid
Lair:4:   cheibrodos_lair_river_kwai, layout_cave_pods,
          minmay_shoals_entry_beasts, chequers_serial_rivers_micro_b,
          serial_bayou_shore_a
Lair:5:   layout_cave_shapes, uniq_nessos
Lair:6:   minmay_lair_end_enchanted_forest, layout_cave_pods, slime_dummy,
          kilobyte_rumbling_trees, grunt_megastairs_1
Orc:1:    layout_caves
Orc:2:    st_orc_town, layout_caves, basic_altar, serial_shops, shop

Skill      XL: |  1  2  3  4  5  6  7  8  9 10 11 12 13 14 15 |
---------------+----------------------------------------------+-----
Earth Magic    | 4 5 6 7 8 9 10 12 14 15 16 17 18 19 | 19.0
Conjurations   | 2 3 5 6 8 11 12 13 | 13.2
Spellcasting   | 3 4 6 7 8 9 10 | 10.2
Dodging        | 2 3 4 6 7 8 9 |  9.6
Shields        | 4 |  4.2
Ice Magic      | 3 4 |  4.8
Stealth        | |  2.1
Transmutations | |  0.7

Action                   |  1- 3 |  4- 6 |  7- 9 | 10-12 | 13-15 || total
-------------------------+-------+-------+-------+-------+-------++-------
Melee: Unarmed           |    52 |       |       |       |       ||    52
       Dagger            |    94 |   118 |       |       |       ||   212
       Club              |     4 |       |       |       |       ||     4
       Short sword       |       |   152 |   119 |     9 |       ||   280
       Whip              |       |       |       |   455 |   333 ||   788
       Rapier            |       |       |       |       |    72 ||    72
 Cast: Sandblast         |    19 |    61 |    71 |   139 |   331 ||   621
       Stone Arrow       |       |       |    23 |   145 |   216 ||   384
       Lee's Rapid Decon |       |       |     7 |    21 |    42 ||    70
       Fulminant Prism   |       |       |       |    10 |    53 ||    63
       Frozen Ramparts   |       |       |       |       |    17 ||    17
       Bolt of Magma     |       |       |       |       |    33 ||    33
 Abil: Fly               |       |       |       |       |     1 ||     1
  Use: Scroll            |       |       |     9 |    15 |    13 ||    37
       Potion            |       |       |       |     2 |     3 ||     5
 Stab: Sleeping          |     1 |     2 |       |     1 |     1 ||     5
  Eat: Chunk             |     2 |    12 |    12 |    25 |    44 ||    95
       Ration            |       |       |     1 |     3 |     7 ||    11
Armor: Robe              |    55 |   117 |    19 |       |    98 ||   289
       Steam dragon scal |       |       |    44 |   326 |   226 ||   596
Dodge: Dodged            |   152 |   171 |   118 |   464 |   572 ||  1477
Block: Buckler           |       |       |       |    56 |   169 ||   225
